 Dungeon Crawl Stone Soup version 0.27.1-35-g4d5d836560 (webtiles) character file.

Game seed: 10099350469305357258

9 cbfl8 the Sneak (level 2, -1/27 HPs)
             Began as a Minotaur Delver on Apr 20, 2022.
             Slain by a bullfrog zombie (3 damage)
             ... on level 5 of the Dungeon.
             The game lasted 00:00:22 (65 turns).

cbfl8 the Sneak (Minotaur Delver)                     Turns: 65, Time: 00:00:23

Health: -1/27      AC:  3    Str: 16    XL:     2   Next: 6%
Magic:  1/1        EV: 11    Int:  7    God:
Gold:   0          SH:  0    Dex: 11    Spells: 1/1 levels left

rFire    . . .     SeeInvis .   a - +0 falchion
rCold    . . .     Faith    .   (no shield)
rNeg     . . .     Spirit   .   b - +0 leather armour
rPois    .         Reflect  .   (helmet restricted)
rElec    .         Harm     .   (no cloak)
rCorr    .         Rampage  .   (no gloves)
Will     .....                  (no boots)
Stlth    ++........             (no amulet)
HPRegen  0.09/turn              (no ring)
MPRegen  0.07/turn              (no ring)

@: no status effects
A: horns 2, retaliatory headbutt
a: no special abilities


You were on level 5 of the Dungeon.
You visited 1 branch of the dungeon, and saw 1 of its levels.

Inventory:

Hand Weapons
 a - a +0 falchion (weapon)
Armour
 b - a +0 leather armour (worn)
Wands
 g - a wand of digging (3)
Scrolls
 c - a scroll of fog
 d - a scroll of magic mapping
 e - a scroll of fear
Potions
 f - a potion of haste


   Skills:
 + Level 3.7 Fighting
 + Level 2.4 Long Blades
 + Level 2.2 Dodging
 + Level 4.4 Stealth


You had one spell level left.
You didn't know any spells.
Your spell library was empty.

Dungeon Overview and Level Annotations

Branches:
Dungeon (5/15)
 Temple: D:4-7

Altars:


Innate Abilities, Weirdness & Mutations

You have a pair of horns on your head.
You reflexively headbutt those who attack you in melee.


Message History

Welcome, cbfl8 the Minotaur Delver.
It is said that the Orb of Zot exists deep within this dungeon.
Press ? for a list of commands and other information.
Found a stone staircase leading down.
A gnoll comes into view. It is wielding a +0 spear.
A gnoll comes into view. It is wielding a +0 club.
A gnoll comes into view. It is wielding a +0 flail.
The gnoll shouts!
The gnoll hits you from afar with a +0 spear!
The gnoll barely misses you. You furiously retaliate!
You headbutt the gnoll. You closely miss the gnoll.
The gnoll shouts! x2
You headbutt the gnoll, but do no damage.
The gnoll is moderately wounded.
A bullfrog zombie comes into view.
The gnoll barely misses you.
You barely miss the gnoll.
The gnoll is moderately wounded.
The gnoll barely misses you.
You closely miss the gnoll.
The gnoll is moderately wounded.
The gnoll barely misses you. You furiously retaliate!
You headbutt the gnoll! You closely miss the gnoll. You headbutt the gnoll.
You kill the gnoll!
The gnoll hits you with a +0 club.
You have reached level 2!
You hit the gnoll.
The gnoll is lightly wounded.
The gnoll hits you with a +0 club. The gnoll closely misses you.
The bullfrog zombie misses you.
You slash the gnoll!
The gnoll is heavily wounded.
The gnoll hits you but does no damage. The bullfrog zombie hits you.
The gnoll hits you with a +0 flail!
* * * LOW HITPOINT WARNING * * *
The gnoll completely misses you.
You riposte.
You barely miss the gnoll. Your headbutt misses the gnoll.
The bullfrog zombie hits you.
You die...

#######
##.....##
##.......##
#..@......#
#.ggZ.....#
#.........#
#.........#
#.........#
#.........#
#.........#
#.........#
#....>....#


You could see 2 gnolls and a bullfrog zombie.

Vanquished Creatures
  A gnoll (D:5)
1 creature vanquished.

Notes
Turn   | Place    | Note
-------+----------+-------------------------------------------
     0 | D:5      | cbfl8 the Minotaur Delver began the quest for the Orb.
     0 | D:5      | Reached XP level 1. HP: 19/19 MP: 0/0
    64 | D:5      | Reached XP level 2. HP: 14/27 MP: 1/1
    65 | D:5      | Slain by a bullfrog zombie

Illustrated notes

Levels and vault maps discovered:
D:5:      layout_rooms, zin_treasury, serial_curves, eino_curves_03,
          eino_curves_01, eino_curves_04, amcnicky_altar_lugonu_corruption,
          uniq_crazy_yiuf_cottage

Action                   || total
-------------------------++-------
Melee: Falchion          ||     6
       Headbutt          ||     2
Armor: Leather armour    ||     1
Dodge: Dodged            ||     7
       Rpst.: Falchion   ||     1
